 Dungeon Crawl Stone Soup version 0.30-a0-159-g068b764562 (webtiles) character file.

Game seed: 13319588127234431853

98 Flugkiller the Conjurer (level 4, 0/48 HPs)
             Began as an Ogre Reaver on Sept 27, 2022.
             Slain by an orc priest
             ... wielding a +0 club
              (4 damage)
             ... on level 3 of the Dungeon.
             The game lasted 00:01:53 (3251 turns).

Flugkiller the Conjurer (Ogre Reaver)               Turns: 3251, Time: 00:01:55

Health: 0/48       AC:  3    Str: 16    XL:     4   Next: 71%
Magic:  9/9        EV:  9    Int: 16    God:
Gold:   63         SH:  0    Dex:  7    Spells: 6/9 levels left

rFire   + . .      SeeInvis .    a - +0 mace
rCold   + . .      Faith    .    (no shield)
rNeg    . . .      Spirit   .    b - +0 robe
rPois   +          Reflect  .    (helmet restricted)
rElec   +          Harm     .    (no cloak)
rCorr   +          Rampage  .    (gloves unavailable)
Will    .....                    (boots unavailable)
Stlth   ..........               i - amulet of magic regeneration
HPRegen 0.16/turn                (no ring)
MPRegen 0.51/turn                (no ring)

@: silenced, resistant, on berserk cooldown, attractive, slowed, very slow
A: large, unfitting armour, tough skin 1
a: no special abilities


You were on level 3 of the Dungeon.
You visited 1 branch of the dungeon, and saw 3 of its levels.

You collected 63 gold pieces.

Inventory:

Hand Weapons
 a - a +0 mace (weapon)
Armour
 b - a +0 robe (worn)
Jewellery
 i - an amulet of magic regeneration (around neck)
   (You found it on level 2 of the Dungeon)
 p - a ring of protection from cold
   (You found it on level 2 of the Dungeon)
Scrolls
 c - a scroll of magic mapping {unknown}
 d - 3 scrolls of vulnerability
 f - a scroll of immolation {unknown}
 j - 2 scrolls of torment {unknown}
 m - a scroll of silence
 o - a scroll of noise {unknown}
 r - 2 scrolls of identify
Potions
 g - 2 potions of attraction
 k - a potion of heal wounds {unknown}
 n - a potion of resistance
 q - a potion of curing


   Skills:
 + Level 3.9 Fighting
 - Level 2.6 Maces & Flails
 - Level 1.7 Dodging
 + Level 3.3 Spellcasting
 * Level 3.9 Conjurations


You had 6 spell levels left.
You knew the following spells:

 Your Spells              Type           Power      Damage    Failure   Level
a - Kiss of Death         Conj/Necr      32%        2d7       9%          1
b - Volcanic Tap          Conj/Fire/Erth 12%        3d8       16%         2

Your spell library contained the following spells:

 Spells                   Type           Power      Damage    Failure   Level
 Hailstorm                Conj/Ice       8%         3d4       24%         3
 Gell's Gravitas          Tloc           2%         N/A       47%         3
 Lesser Beckoning         Tloc           2%         N/A       47%         3
 Teleport Other           Tloc           2%         N/A       47%         3


Dungeon Overview and Level Annotations

Branches:
Dungeon (3/15) Zot: 14705

Altars:


Innate Abilities, Weirdness & Mutations

You are too large for most types of armour.
You have tough skin. (AC +1)


Message History

The orc wizard shouts!
An orc priest comes into view. It is wielding a +0 club.
The orc priest shouts!
The orc hits you with a +4 trident of venom!
You are poisoned.
You completely miss the orc.
You feel very sick.
The orc hits you with a +4 trident of venom.
You are more poisoned.
You sock the orc!
You kill the orc!
You feel very sick.
You are too injured to fight recklessly!
You are too injured to fight recklessly!
Unknown command.
You feel very sick.
You feel very sick.
The orc wizard gestures wildly while chanting.
The orc wizard flickers and vanishes!
Deactivating autopickup; reactivate with Ctrl-A.
The orc priest begins to cast a cantrip, but forgets the words!
You feel sick.
You are confused.
You bump into the rock wall.
You feel sick.
You feel sick.
You feel sick.
It was a potion of curing.
You feel better.
q - 2 potions of curing Something hits you but does no damage.
As you read the scroll labelled KUDALU NIPS, it crumbles to dust.
It is a scroll of identify.
d - 3 scrolls of vulnerability;
r - 2 scrolls of identify Something completely misses you.
As you read the scroll labelled CELYREUDIN, it crumbles to dust.
A profound silence engulfs you.
It was a scroll of silence.
Something hits you but does no damage.
Unknown command.
You hit something. Something hits you.
You hit something. Something hits you.
* * * LOW HITPOINT WARNING * * *
Something hits you.
* * * LOW HITPOINT WARNING * * *
You miss something. Something hits you.
* * * LOW HITPOINT WARNING * * *
You feel better. Something hits you.
It was a potion of attraction.
You feel attractive to monsters. Something hits you.
It was a potion of resistance.
You feel protected.
n - a potion of resistance;
c - a scroll labelled NIC KILEZUADUD Something hits you.
* * * LOW HITPOINT WARNING * * *
It was a potion of berserk rage.
A red film seems to cover your vision as you go berserk!
You feel yourself moving faster!
You feel mighty! Something hits you.
* * * LOW HITPOINT WARNING * * *
You closely miss something. Something hits you but does no damage.
You barely miss something. Something hits you.
* * * LOW HITPOINT WARNING * * *
You miss something. Something hits you.
* * * LOW HITPOINT WARNING * * *
You miss something. You miss something. Something hits you.
* * * LOW HITPOINT WARNING * * *
You closely miss something. Something hits you.
* * * LOW HITPOINT WARNING * * *
You completely miss something. Something hits you.
* * * LOW HITPOINT WARNING * * *
You hit something. You barely miss something.
Something hits you but does no damage.
You closely miss something. Something hits you.
* * * LOW HITPOINT WARNING * * *
You miss something. Something hits you but does no damage.
You closely miss something. Something hits you but does no damage.
You barely miss something. Something hits you.
* * * LOW HITPOINT WARNING * * *
You hit something.
Reactivating autopickup.
You feel a bit more experienced. The orc is attracted toward you.
The orc priest is attracted toward you.
Your life force feels restored.
You hit the orc.
The orc is lightly wounded.
The orc closely misses you.
You closely miss the orc.
The orc is lightly wounded.
You are no longer berserk.
You are exhausted.
You feel yourself slow down. The orc barely misses you.
You hit the orc.
The orc is severely wounded.
The orc hits you with a +0 whip.
* * * LOW HITPOINT WARNING * * *
The orc hits you but does no damage.
You sock the orc!
You kill the orc!
The orc priest barely misses you.
You closely miss the orc priest. The orc priest hits you with a +0 club.
You die...

##.# #.# #....#
#.# #.# #.# #.#
#.#.##
#.#######.# #.#
###.###.#.#
#..........
#.###.......#.#
###########
#...>.#.#####.#
####.##.# #.#
#.##.#####.#
#.##.....#.#
#.######.#@#
#.# #.#o#
#.######.#.#
#........#.#
##########)#
#.# #.# #.# #.#


You could see an orc priest.

Vanquished Creatures
  An orc wizard (D:3)
  2 adders (D:2)
  10 dart slugs
  2 orcs (D:3)
  3 bats
  An endoplasm (D:2)
  A giant cockroach (D:3)
  2 goblins (D:2)
  4 hobgoblins
  2 jackals (D:1)
  2 kobolds (D:1)
  A quokka (D:1)
  A ball python (D:2)
  4 rats
36 creatures vanquished.

Notes
Turn   | Place    | Note
-------+----------+-------------------------------------------
     0 | D:1      | Flugkiller the Ogre Reaver began the quest for the Orb.
     0 | D:1      | Reached XP level 1. HP: 22/22 MP: 3/3
    67 | D:1      | HP: 1/22 [quokka (3)]
   453 | D:1      | Reached XP level 2. HP: 25/31 MP: 5/5
   844 | D:1      | Learned a level 2 spell: Volcanic Tap
  1207 | D:2      | Reached XP level 3. HP: 10/33 MP: 5/7
  2733 | D:3      | Reached XP level 4. HP: 34/45 MP: 8/8
  3137 | D:3      | Found a faded altar of an unknown god.
  3251 | D:3      | Slain by an orc priest

Illustrated notes

Levels and vault maps discovered:
D:1:      noname_arrival_rooms_in_the_neighbourhood, layout_basic,
          corexii_leaking_fountain, minmay_statues_item
D:2:      layout_basic
D:3:      kennysheep_slugbush, layout_basic,
          dreamdust_ecumenical_altar_hidden_monk_grotto

Skill      XL: |  1  2  3 |
---------------+----------+-----
Fighting       | 3 |  3.9
Conjurations   | 3 |  3.9
Spellcasting   | 3 |  3.3
Maces & Flails | |  2.6
Dodging        | |  1.7

Action                   |  1- 3 |  4- 6 || total
-------------------------+-------+-------++-------
Melee: Mace              |    85 |    45 ||   130
       Punch             |     1 |       ||     1
 Cast: Kiss of Death     |     2 |       ||     2
       Volcanic Tap      |     2 |       ||     2
  Use: Potion            |       |     5 ||     5
       Scroll            |       |     2 ||     2
Armor: Robe              |    27 |     9 ||    36
Dodge: Dodged            |    48 |    13 ||    61

Table legend: (Time is in decaauts)
 A = Elapsed time spent in this place.
 B = Non-inter-level travel time spent in this place.
 C = Inter-level travel time spent in this place.
 D = Time resting spent in this place.
 E = Time spent auto-exploring this place.
 F = Levels seen in this place.
 G = Mean time per level.
                   A        B        C        D        E       F      G
               +--------+--------+--------+--------+--------+-----+--------+
         Total |   3292 |   3248 |     44 |   1590 |   1280 |   3 | 1097.3 |
       Dungeon |   3292 |   3248 |     44 |   1590 |   1280 |   3 | 1097.3 |
               +--------+--------+--------+--------+--------+-----+--------+

Top non-repeatable levels by time:
     D:2: 1600 daAuts
     D:1: 1156 daAuts
     D:3: 536 daAuts
